 Dungeon Crawl Stone Soup version 0.31-a0-889-g1a8549509d (webtiles) character file.

Game seed: 16454304846275404067

1626 demibob the Basher (level 8, -7/67 (74) HPs)
             Began as a Troll Chaos Knight on Oct 17, 2023.
             Was a Plaything of Xom.
             Mangled by a wight
             ... wielding a +5 halberd
              (16 damage)
             ... on level 6 of the Dungeon.
             The game lasted 00:07:04 (3808 turns).

demibob the Basher (Troll Chaos Knight)             Turns: 3808, Time: 00:07:06

HP:   -7/67 (74)    AC:  8    Str: 19    XL:     8   Next: 65%
MP:   7/7           EV: 10    Int:  8    God:    Xom [*.....]
Gold: 337           SH:  0    Dex: 13    Spells: 7/7 levels left

rFire   . . .        p - +0 flail of Ygoykhitt {heavy, SInv}
rCold   . . .        (no shield)
rNeg    . . .        b - +2 robe
rPois   .            (helmet restricted)
rElec   .            (no cloak)
rCorr   .            (gloves unavailable)
SInv    +            (boots unavailable)
Will    .....        (no amulet)
Stlth   ++           (no ring)
HPRegen 1.11/turn    (no ring)
MPRegen 0.10/turn

%: no passive effects
@: cleaving, drained
A: large, unfitting armour, claws 3, regeneration 1, shaggy fur 1, tough skin 1,
iridescent scales 1, thin skeletal structure 1, weak 1, no potion heal 1, sturdy
frame 1
a: Renounce Religion


You were on level 6 of the Dungeon.
You worshipped Xom.
You were a special plaything of Xom.
You visited 1 branch of the dungeon, and saw 6 of its levels.

You collected 337 gold pieces.


Innate Abilities, Weirdness & Mutations

You are too large for most types of armour.
You have claws for hands.
Your natural rate of healing is unusually fast.
You are covered in fur. (AC +1)
You have tough skin. (AC +1)
You are partially covered in iridescent scales. (AC +2)
You have a somewhat thin skeletal structure. (Dex +2, Stealth+)
You are weak. (Str -2)
Potions are less effective at restoring your health.
Your movements are slightly less encumbered by armour. (ER -2)


   Skills:
 - Level 2.4 Fighting
 + Level 10.5 Maces & Flails
 - Level 1.9 Dodging


You had 7 spell levels left.
You didn't know any spells.
Your spell library contained the following spells:

 Spells                   Type           Power      Damage    Failure   Level
 Slow                     Hex            0%         N/A       41%         1
 Ensorcelled Hibernation  Hex/Ice        0%         N/A       54%         2
 Jinxbite                 Hex            0%         N/A       54%         2
 Confusing Touch          Hex            0%         N/A       78%         3
 Dazzling Flash           Conj/Hex       0%         N/A       78%         3
 Sigil of Binding         Hex            0%         N/A       78%         3
 Vampiric Draining        Necr           0%         2d6       78%         3
 Volatile Blastmotes      Fire/Tloc      0%         2d10      78%         3
 Anguish                  Hex/Necr       0%         N/A       99%         4
 Animate Dead             Necr           0%         N/A       99%         4
 Fulminant Prism          Conj/Hex       0%         3d5       99%         4
 Iskenderun's Mystic Bla  Conj/Tloc      0%         2d3       99%         4
 Starburst                Conj/Fire      0%         6d3       100%        6
 Haunt                    Necr/Summ      0%         N/A       100%        7
 Infestation              Necr           0%         N/A       100%        8
 Maxwell's Capacitive Co  Air            0%         ∞         100%        8

Inventory:

Hand Weapons
 a - a +1 mace of chaos
 p - the +0 flail of Ygoykhitt (weapon) {heavy, SInv}
   (You found it on level 4 of the Dungeon)

   SInv:      It lets you see invisible.
 q - a +0 giant spiked club
Missiles
 e - a throwing net {=f}
 v - a curare-tipped dart {=f}
Armour
 b - a +2 robe (worn)
Jewellery
 M - a ring of magical power
 Z - a ring of wizardry
Wands
 g - a wand of flame (25)
 o - a wand of quicksilver (5)
 t - a wand of iceblast (10)
 u - a wand of mindburst (15)
Scrolls
 c - a scroll of blinking
 d - 3 scrolls of fog
 m - 2 scrolls of teleportation {@r2}
Potions
 f - a potion of ambrosia
 h - a potion of mutation {unknown}
 i - a potion of might {unknown}
 j - a potion of degeneration {unknown}
 k - 3 potions of heal wounds {@q2}
 l - a potion of lignification {unknown}
 n - a potion of enlightenment {unknown}
 r - a potion of attraction {unknown}

Dungeon Overview and Level Annotations

Branches:
Dungeon (6/15)             Temple (0/1) D:6

Altars:
Gozag
Makhleb
Okawaru
Sif Muna
Wu Jian

Shops:
D:2

( ......>....#
#.........#######
##..............#
####.#########.###
#^ ##...##...## #
##..........##
#.<..........#
#.......)z...#
#......z.@.<.#
▒▒'▒▒▒.z....##
▒...z.▒#.....#
▒.⌠.⌠.▒...##.#
+..>(.+.#..#.#
▒.⌠.⌠.▒##.....
▒.!...▒ ##.###.
▒▒▒+▒▒▒ .# #.


You could see 3 wights.


Message History

You are too injured to fight recklessly!
Unknown command.
You hit the wight but do no damage.
The wight is moderately damaged.
You closely miss the wight. The wight barely misses you.
The wight hits you with a +0 war axe.
* * * LOW HITPOINT WARNING * * *
You feel drained. The wight misses you. The wight completely misses you.
Unknown command.
You barely miss the wight.
The wight is lightly damaged.
You hit the wight but do no damage. The wight hits you with a +0 war axe.
* * * LOW HITPOINT WARNING * * *
The wight barely misses you. The wight hits you but does no damage.
The wight barely misses you.
Unknown command.
You bludgeon the wight!!
You destroy the wight!
You hit the wight but do no damage.
The wight hits you from afar with a +0 halberd.
* * * LOW HITPOINT WARNING * * *
The wight hits you with a +5 halberd.
* * * LOW HITPOINT WARNING * * *
The wight hits you from afar with a +3 trident.
* * * LOW HITPOINT WARNING * * *
The wight hits you from afar with a +0 halberd!
* * * LOW HITPOINT WARNING * * *
The wight hits you with a +5 halberd!
You die...
Xom giggles madly!

Skill      XL: |  1  2  3  4  5  6  7  8 |
---------------+-------------------------+-----
Maces & Flails | 3 4 5 6 7 9 10 | 10.5
Fighting       | |  2.4
Dodging        | |  1.9

Action                     |  1- 3 |  4- 6 |  7- 9 || total
---------------------------+-------+-------+-------++-------
  Melee: Mace              |   122 |    72 |       ||   194
         Flail             |       |    55 |   144 ||   199
         Punch             |       |       |     1 ||     1
  Evoke: Wand              |       |     1 |       ||     1
    Use: Scroll            |     2 |     6 |     5 ||    13
         Potion            |       |     2 |     1 ||     3
   Stab: Distracted        |       |     1 |       ||     1
         Sleeping          |       |       |     1 ||     1
 Armour: Robe              |    88 |   142 |   174 ||   404
  Dodge: Dodged            |    82 |    83 |   133 ||   298

Levels and vault maps discovered:
D:1:      onia_arrival_mini_maze_b, layout_loops_cross
D:2:      layout_rooms, serial_shops, nicolae_shop_bloodbath_and_beyond,
          basic_altar, shapermc_ecumenical_altar_mp_highgroup
D:3:      layout_basic, demons_altar, mainiacjoe_overflow_catwalk, minivault_5
D:4:      layout_cave_pools, mainiacjoe_overflow_six_doors_small, serial_undead,
          serial_undead_a, serial_undead_d, serial_undead_a, serial_undead_c,
          mrwooster_statue_mirror, minivault_11, item_on_display_a
D:5:      layout_loops_ring, okawaru_altar_gauntlet_db
D:6:      layout_rooms, minmay_temple_entry_hall,
          chequers_serial_rivers_large_a, hangedman_abyss_or_decor_stagger

Notes
Turn   | Place    | Note
-------+----------+-------------------------------------------
     0 | D:1      | demibob the Troll Chaos Knight began the quest for the Orb.
     0 | D:1      | Reached XP level 1. HP: 22/22 MP: 0/0
    68 | D:1      | Reached skill level 3 in Maces & Flails
   144 | D:1      | Reached XP level 2. HP: 29/29 MP: 1/1
   463 | D:1      | XOM: silly message
   515 | D:1      | Reached XP level 3. HP: 36/36 MP: 2/2
   815 | D:2      | Reached skill level 4 in Maces & Flails
   919 | D:2      | Found a faded altar of an unknown god.
   946 | D:2      | Found an ornate altar of the Wu Jian Council.
  1014 | D:2      | Found Buibb's Weapon Shoppe.
  1125 | D:2      | Reached XP level 4. HP: 44/44 MP: 3/3
  1140 | D:2      | XOM: silly message
  1323 | D:3      | Identified the +8 war axe of Grandeur {heavy, rElec Str+5
                  | Dex+3}
  1358 | D:3      | Found an opulent altar of Gozag.
  1558 | D:3      | Found a burning altar of Makhleb.
  1558 | D:3      | XOM: cast spell 'Alistair's Intoxication'
  1571 | D:3      | Reached skill level 5 in Maces & Flails
  1576 | D:3      | XOM: enchant monster (bad)
  1578 | D:3      | Reached XP level 5. HP: 22/50 MP: 4/4
  1913 | D:4      | Found a shimmering blue altar of Sif Muna.
  1940 | D:4      | XOM: divination: detect creatures
  1945 | D:4      | HP: 2/50 [scorpion (5)]
  1951 | D:4      | XOM: divination: detect creatures
  2006 | D:4      | Reached skill level 6 in Maces & Flails
  2006 | D:4      | Reached XP level 6. HP: 59/59 MP: 5/5
  2012 | D:4      | XOM: silly message
  2026 | D:4      | Identified the +0 flail of Ygoykhitt {heavy, SInv}
  2102 | D:4      | Identified the +10 dagger of the Skies Above {freeze, Str+2
                  | SInv Stlth+}
  2109 | D:4      | XOM: cast spell 'Alistair's Intoxication'
  2112 | D:4      | XOM: smoke on damage
  2147 | D:4      | XOM: summons 2 hostile shadow creatures
  2167 | D:4      | Reached skill level 7 in Maces & Flails
  2244 | D:4      | XOM: give mutations
  2244 | D:4      | Gained mutation: Your movements are slightly less
                  | encumbered by armour. (ER -2) [Xom's mischief]
  2244 | D:4      | Gained mutation: You are partially covered in iridescent
                  | scales. (AC +2) [Xom's mischief]
  2244 | D:4      | Gained mutation: You are weak. (Str -2) [Xom's mischief]
  2246 | D:4      | Reached XP level 7. HP: 63/66 MP: 6/6
  2250 | D:4      | Noticed a wyvern
  2255 | D:4      | XOM: confusion (+ monsters)
  2257 | D:4      | XOM: summons 4 hostile demons
  2262 | D:4      | Killed a wyvern
  2263 | D:4      | Reached skill level 8 in Maces & Flails
  2757 | D:5      | Entered Level 5 of the Dungeon
  2775 | D:5      | Reached skill level 9 in Maces & Flails
  2775 | D:5      | Reached XP level 8. HP: 74/74 MP: 7/7
  2841 | D:5      | XOM: enchant monster (bad)
  2849 | D:5      | XOM: god gift: 21 gold pieces
  2945 | D:5      | XOM: 2-stop teleportation journey
  3034 | D:5      | XOM: polymorph adder -> endoplasm
  3136 | D:5      | Reached skill level 10 in Maces & Flails
  3143 | D:5      | Found an iron altar of Okawaru.
  3175 | D:5      | XOM: give mutations
  3175 | D:5      | Gained mutation: Your spells are a little easier to cast,
                  | but a little less powerful. [Xom's mischief]
  3175 | D:5      | Gained mutation: Potions are less effective at restoring
                  | your health. [Xom's mischief]
  3255 | D:5      | XOM: give mutations
  3255 | D:5      | Lost mutation: Your spells are a little easier to cast, but
                  | a little less powerful. [Xom's grace]
  3255 | D:5      | Gained mutation: You have a somewhat thin skeletal
                  | structure. (Dex +2, Stealth+) [Xom's grace]
  3265 | D:5      | XOM: enchant monster (good)
  3761 | D:6      | Found a staircase to the Ecumenical Temple.
  3800 | D:6      | XOM: cleaving
  3802 | D:6      | XOM: enchant monster (good)
  3808 | D:6      | Mangled by a wight

Vanquished Creatures
  A wyvern (D:4)
  2 ogres
  A centaur (D:5)
  5 phantoms
  A kobold brigand (D:5)
  2 scorpions
  A water moccasin zombie (D:4)
  2 wights
  A gnoll bouda (D:4)
  A jelly (D:5)
  2 hounds
  3 iron imps (D:3)
  A bullfrog skeleton (D:4)
  2 scorpion zombies (D:4)
  An iguana (D:5)
  An orc wizard (D:5)
  A hound skeleton (D:4)
  A howler monkey zombie (D:4)
  5 gnolls
  8 adders
  A shadow imp (D:5)
  A white imp (D:5)
  An adder skeleton (D:4)
  An adder zombie (D:4)
  A worm (D:5)
  A dart slug (D:1)
  5 orcs (D:5)
  10 ball pythons
  6 endoplasms
  5 giant cockroaches
  10 goblins
  7 hobgoblins
  8 jackals
  6 kobolds (D:5)
  2 quokkas (D:1)
  5 bats
  7 frilled lizards
  6 rats
125 creatures vanquished.

Table legend: (Time is in decaauts)
 A = Elapsed time spent in this place.
 B = Non-inter-level travel time spent in this place.
 C = Inter-level travel time spent in this place.
 D = Time resting spent in this place.
 E = Time spent auto-exploring this place.
 F = Levels seen in this place.
 G = Mean time per level.
                   A        B        C        D        E       F      G
               +--------+--------+--------+--------+--------+-----+--------+
         Total |   3940 |   3756 |    184 |    159 |   2640 |   6 |  656.7 |
       Dungeon |   3940 |   3756 |    184 |    159 |   2640 |   6 |  656.7 |
               +--------+--------+--------+--------+--------+-----+--------+

Top non-repeatable levels by time:
     D:5: 1049 daAuts
     D:4: 912 daAuts
     D:1: 785 daAuts
     D:3: 724 daAuts
     D:2: 428 daAuts
     D:6: 40 daAuts

Table legend:
 A = Non-vault XP
 B = Vault XP
 C = Vault XP percentage of total XP
 D = Non-vault monster count
 E = Vault monster count
 F = Vault count percentage of total count
                 A         B        C        D         E       F
            +---------+---------+-------+---------+---------+-------
      Total |    1708 |     685 |  28.6 |     104 |      21 |  16.8
            +---------+---------+-------+---------+---------+-------
        D:1 |      44 |       2 |   4.3 |      26 |       1 |   3.7
        D:2 |      54 |       0 |   0.0 |      19 |       0 |   0.0
        D:3 |      27 |     118 |  81.4 |       9 |       3 |  25.0
        D:4 |     606 |     541 |  47.2 |      25 |      11 |  30.6
        D:5 |     907 |      24 |   2.6 |      24 |       6 |  20.0
        D:6 |      70 |       0 |   0.0 |       1 |       0 |   0.0
            +---------+---------+-------+---------+---------+-------
